[Event "SixDays Budapest March GM-B 2023"]
[Site "Budapest"]
[Date "2023.03.28"]
[Round "7.1"]
[White "Moksh Amit Doshi"]
[Black "Vantika Agrawal"]
[Result "1-0"]
[ECO "A48"]
[WhiteElo "2388"]
[BlackElo "2367"]
[Annotator "TA"]
[PlyCount "133"]
[EventDate "2023.03.24"]
[EventType "tourn"]
[EventCountry "HUN"]
[SourceTitle "playchess.com"]
[Source "ChessBase"]
[SourceQuality "1"]
[TimeControl "5400+30"]

1. Nf3 Nf6 2. d4 g6 3. Nbd2 d5 4. e3 Bg7 5. b4 a5 6. b5 {[%emt 0:00:23] D02: 1 d4 d5 2 Nf3 sidelines, including 2...Nf6 3 g3 and 2...Nf6 3 Bf4.} c5 7. bxc6 Nxc6 {[%emt 0:01:17] The main line 7...Nxc6 scores better than 7...bxc6.} 8. Be2 {[%emt 0:00:14] The position is equal.} O-O 9. a4 Bf5 10. c3 {[%emt 0:00:21] Inhibits Nb4.} Qc7 11. O-O e5 12. Ba3 Rfd8 13. h3 exd4 {[%emt 0:10:13] [#]} 14. exd4 $146 ({Predecessor:} 14. cxd4 Bf8 15. Bxf8 Kxf8 16. Rc1 Qd6 17. g4 Bd7 18. Qb3 h5 19. Nh2 Re8 20. Rfe1 {½-½ Indjic,A (2629)-Cabarkapa,N (2474) SRB-chT Premier 2021 (4.1)}) 14... Ne4 15. Qb3 Bh6 16. Nxe4 (16. Bc1 $5 ) 16... dxe4 17. Nh2 Be6 18. Qb1 Bd2 19. Qb2 Bf4 20. Ng4 Bxg4 21. Bxg4 h5 22. Be2 Bh2+ (22... Ne7 $1 $11) 23. Kh1 $14 {[%emt 0:00:08] aiming for g3.} Bd6 24. Rfb1 Rd7 25. Qb6 (25. Bxd6 $14 Qxd6 26. Qd2) 25... Bxa3 $11 26. Rxa3 Ne7 27. Qxc7 Rxc7 28. f3 e3 29. g3 {[%emt 0:18:59] [#]} (29. Kh2 $11) 29... h4 $1 30. Kg2 (30. gxh4 Nf5) 30... Rac8 (30... hxg3 $5 31. Bd3 Re8 $15) 31. Rbb3 (31. c4 $11 {remains equal.}) 31... Nf5 ({Black should try} 31... hxg3 $17 {And now ...Nd5 would win.} 32. Kxg3 Kg7) 32. g4 Ne7 33. c4 {[%emt 0:04:39] Repels Nd5} Nc6 $132 {[%emt 0:00:04][%mdl 2048] Black is fighting back} 34. Rd3 ({Of course not} 34. Rxe3 Nxd4 35. Bd3 Ne6 $17) 34... Rd8 (34... f5 $11) 35. d5 $14 {[%emt 0:00:22] Black is on the road to losing.} Nb4 36. Rd1 $1 ({But not} 36. Rxe3 $6 Nc2 $11) 36... Re7 37. f4 g5 38. fxg5 Kg7 {[%emt 0:00:30] [#]} (38... Rde8 $16 {is a better defense.} 39. Rc3 Re5) 39. Kf3 $1 $18 Kg6 40. Rxe3 Rxe3+ 41. Kxe3 {[%emt 0:00:05][%mdl 4096] Endgame KRB-KRN} Re8+ 42. Kf3 b6 $2 (42... Kxg5 {might work better.} 43. d6 f5 44. gxf5 Nc6) 43. Bd3+ Kxg5 44. Bf5 Na6 45. Bd7 Rd8 46. Bc6 Nb4 47. Bb5 Rd6 48. Ke4 Kf6 $2 {[%emt 0:00:12] [#]} (48... f6 49. Rd2 Kg6) 49. g5+ $1 {[%emt 0:00:57][%mdl 512] White is clearly winning.} Ke7 50. Kf5 Rg6 51. Re1+ Kd6 52. Re8 Nc2 53. Rd8+ Kc5 54. Rc8+ Kd4 55. Rc6 Ne3+ 56. Kf4 {[%emt 0:00:04] Strongly threatening Rxg6.} Rg8 (56... Ng2+ $142 57. Kg4 Ne3+ 58. Kxh4 Rg8 59. Rxb6 Ke5) 57. Rc7 Ng2+ 58. Kf5 Ne3+ {[%emt 0:00:17] [#]} 59. Kf6 $1 Rg6+ 60. Kxf7 Rxg5 61. d6 {[%emt 0:00:26] White wants to mate with d7.} Rf5+ 62. Kg6 {[%emt 0:00:06] Hoping for d7.} Ke5 63. Re7+ Kxd6 64. Rxe3 Rf4 65. Kg5 Rd4 66. Rf3 Ke5 67. Rf5+ {[%emt 0:00:06] Weighted Error Value: White=0.22 (precise) /Black=0.34} 1-0

[Event "SixDays Budapest March GM-B 2023"]
[Site "Budapest"]
[Date "2023.03.28"]
[Round "7.2"]
[White "Varga, Csaba Zoltan"]
[Black "Ilincic, Zlatko"]
[Result "1/2-1/2"]
[ECO "C47"]
[WhiteElo "2278"]
[BlackElo "2302"]
[Annotator "TA"]
[PlyCount "37"]
[EventDate "2023.03.24"]
[EventType "tourn"]
[EventCountry "HUN"]
[SourceTitle "playchess.com"]
[Source "ChessBase"]
[SourceQuality "1"]
[TimeControl "5400+30"]

1. e4 e5 2. Nf3 Nf6 3. Nc3 Nc6 4. d4 exd4 5. Nxd4 Bb4 6. Nxc6 bxc6 7. Bd3 d5 8. exd5 Qe7+ 9. Qe2 Qxe2+ 10. Kxe2 cxd5 {The position is equal.} 11. Bg5 {C47: Scotch Four Knights and Four Knights with 4 g3.} c6 12. Bxf6 gxf6 {[#] Not much happened in this game.   Weighted Error Value: White=0.16 (very precise) /Black=0.00 (flawless)} {Predecessor:} 13. a3 $146 Bd6 14. Rhe1 Be6 15. Kf1 Kd7 16. h3 Rab8 17. Rab1 a5 18. Ne2 c5 19. c3 {½-½ Xu,Y (2510)-Durarbayli,V (2635) PRO League Prelim rapid 2023 (4.1)} 1/2-1/2

[Event "SixDays Budapest March GM-B 2023"]
[Site "Budapest"]
[Date "2023.03.28"]
[Round "7.3"]
[White "Pribelszky, Bence"]
[Black "Swayams, Mishra"]
[Result "0-1"]
[ECO "C55"]
[WhiteElo "2380"]
[BlackElo "2489"]
[Annotator "TA"]
[PlyCount "90"]
[EventDate "2023.03.24"]
[EventType "tourn"]
[EventCountry "HUN"]
[SourceTitle "playchess.com"]
[Source "ChessBase"]
[SourceQuality "1"]
[TimeControl "5400+30"]

1. e4 e5 2. Nf3 Nc6 3. Bc4 Nf6 4. d3 h6 5. O-O d6 ({Don't play} 5... d5 6. exd5 Nxd5 7. Re1 $16) 6. a3 {[%emt 0:00:05] C55: Two Knights: 4 d3, 4 d4 exd4 5 e5 and Max Lange Attack.} g5 7. Nc3 {[%emt 0:00:36] [#]} Bg4 $146 ({Predecessor:} 7... Bg7 8. Ba2 Bg4 9. Be3 Qd7 10. Ne2 Nh5 11. Ne1 Nf4 12. f3 Be6 13. Bxe6 Nxe2+ 14. Qxe2 Qxe6 {½-½ Alekseev,E (2626)-Riazantsev,A (2638) RUS-ch Higher League 73rd 2020 (8)}) 8. Be3 {[%emt 0:04:55] Wards off Nd4. The position is equal.} Bg7 9. b4 (9. h3 $11 Be6 10. Bb5) 9... O-O (9... Nd4 $15) 10. Nd5 (10. h3 $5 Be6 11. b5 $11) 10... Ne7 {[%emt 0:05:53] Hoping for ...Nfxd5.} 11. Nxf6+ Bxf6 12. h3 Be6 13. Nh2 Kg7 (13... Bxc4 $11 14. dxc4 Bg7) 14. Qh5 Ng6 15. g3 {[%emt 0:05:30] Dodges Nf4} Rh8 16. Ng4 Bxg4 17. hxg4 c6 18. Kg2 Qd7 19. Bb3 d5 20. Rad1 a6 21. c4 d4 22. Bd2 $36 {[%emt 0:00:01][%mdl 2048] White fights for an advantage.} Bd8 23. f4 ({Better is} 23. c5 $16) 23... exf4 $11 24. gxf4 Bc7 25. f5 (25. fxg5 $2 {too greedy.} hxg5 26. Qxg5 Bd8 $19) (25. e5 $5 ) 25... Nh4+ 26. Kf2 {[%emt 0:07:48][%cal Of5f6] And now f6+! would win.} (26. Kg1 $5 ) 26... Qd6 {[%emt 0:00:24] [#]} (26... c5 $11 {keeps the balance.}) 27. Qxf7+ $3 $16 {[%emt 0:00:01][%mdl 576] Decoy} Kxf7 28. c5+ {[%emt 0:00:03][%mdl 64] Discovered Attack} Kf6 {[%emt 0:00:14] ( -> ...Qh2+)} 29. cxd6 Bxd6 30. Rc1 Rad8 31. Rc4 Be5 32. Rc5 Bd6 33. Rc4 Be5 $1 34. a4 h5 {[%emt 0:00:19] [#]} (34... Rc8 $16 35. Bc1 Rhd8) 35. Rg1 $1 $18 Bh2 36. Rh1 Be5 {[%emt 0:00:09] [#]} 37. Rc5 $2 (37. Rxh4 $1 $18 gxh4 38. g5+ Kg7 39. Kg2) 37... hxg4 $17 {[%emt 0:00:19] Strongly threatening ...Nf3.} 38. Bxg5+ $2 {[%emt 0:00:29][%mdl 8192] Loses the game.} Kxg5 $19 39. Rxe5 Nf3 40. Rxh8 Rxh8 {[%emt 0:00:02] KRB-KRN} 41. Rc5 Kf4 {[%emt 0:00:09] Black mates.} 42. f6 Rh2+ 43. Kf1 Ke3 44. Rc2 Rh1+ 45. Kg2 Rg1# {[%emt 0:00:04] Artfully played by Swayams.   Weighted Error Value: White=0.79/Black=0.16 (very precise)} 0-1

[Event "SixDays Budapest March GM-B 2023"]
[Site "Budapest"]
[Date "2023.03.28"]
[Round "7.4"]
[White "Royal, Shreyas"]
[Black "Priasmoro, Novendra"]
[Result "0-1"]
[ECO "E71"]
[WhiteElo "2452"]
[BlackElo "2521"]
[Annotator "TA"]
[PlyCount "112"]
[EventDate "2023.03.24"]
[EventType "tourn"]
[EventCountry "HUN"]
[SourceTitle "playchess.com"]
[Source "ChessBase"]
[SourceQuality "1"]
[TimeControl "5400+30"]

1. d4 Nf6 2. c4 g6 3. Nc3 Bg7 4. e4 d6 5. h3 O-O 6. Be3 e5 7. d5 a5 8. g4 {[%emt 0:00:13] E71: King's Indian: 4 e4 d6 5 h3.} Na6 9. Nge2 c6 10. Ng3 {[%emt 0:00:53] White is slightly better.} cxd5 11. cxd5 Nc5 12. Be2 a4 13. g5 (13. Kf1 $14) 13... Ne8 $11 14. h4 {[%emt 0:00:50] [#]} Qa5 $146 ({Predecessor:} 14... Bd7 15. h5 b5 16. Qd2 Qa5 17. f3 Nc7 18. hxg6 fxg6 19. Kf2 Rf7 20. Kg2 Bf8 {0-1 Santos Latasa,J (2575)-Murzin,V (2465) Titled Tuesday intern op 14th July blitz 2020 (9)}) 15. Rb1 Bd7 16. Kf1 b5 {[%emt 0:06:34] ...b4 would be deadly.} 17. a3 b4 18. Na2 bxa3 19. bxa3 Nc7 ({Black should play} 19... f5 $15 20. exf5 gxf5) 20. Bd2 Qa7 21. Kg2 Rab8 22. Nb4 Nb5 23. Bxb5 Bxb5 24. Be3 Qd7 25. h5 Rb7 26. Rh4 (26. h6 $11 {keeps the balance.} Bh8 27. Bxc5 dxc5 28. Nc6) 26... Na6 (26... Nb3 $17) 27. Nxa6 Bxa6 28. Rxb7 Bxb7 29. Qd3 Ra8 30. Rh1 Ba6 31. Qb1 Bf8 32. Rc1 Rc8 33. Rxc8 $1 Bxc8 34. Qf1 Be7 (34... Qh3+ {simplifies} 35. Kg1 Qxf1+ 36. Kxf1 gxh5 37. Nxh5 f5) 35. h6 (35. Kh2 {simplifies} Kf8 36. h6 f6 37. gxf6 Bxf6 38. Qc4) 35... Qg4 36. Qb5 Qh3+ (36... Bxg5 $2 37. Qe8#) 37. Kg1 Bg4 38. Qf1 (38. Qxa4 Bf3 39. Qa8+ Bf8) 38... Qh4 (38... Qxf1+ {simplifies} 39. Kxf1 f6 40. gxf6 Bxf6 41. Kg2 Bd8) 39. Qc1 Bf8 40. Qc6 Qh3 $40 {[%emt 0:00:30][%mdl 128] ( -> ...Bf3). Black is up to no good.} 41. Qc4 Bf3 42. Qf1 {[%emt 0:00:05] [#] Prevents Qg2+} Qc8 {[%emt 0:02:16] Black is more active.} 43. Qc1 {[%emt 0:02:54] [#] Dodges Qc2} (43. Bd2 $142) 43... Qxc1+ $1 $17 ({Worse is} 43... Qh3 44. Qf1 Qc8 45. Bd2 $15) 44. Bxc1 {[%emt 0:00:05][%mdl 4096] Endgame KBB-KBN} Be7 45. Bd2 Kf8 46. Kf1 f6 47. gxf6 (47. Be3 $17) 47... Bxf6 $19 48. Ke1 Ke7 49. Nf1 $2 (49. Be3 {is a better defense.}) 49... Bxe4 50. Ne3 Bf3 51. Bb4 Bg5 52. Nc4 Bxd5 {[%emt 0:00:04] This pair of bishops is nice. Black is clearly winning.} (52... Bxh6 $2 {too greedy.} 53. Nxd6 Kd7 54. Nb7 $19) 53. Nxd6 {[%emt 0:01:04] Ne4+ is the strong threat.} Kd7 ({Less strong is} 53... Bxh6 54. Nf5+ Kf6 55. Nxh6 $16) 54. Nb5 Bxh6 55. Nc3 Bc6 56. Ne2 Ke6 {[%emt 0:00:15] Weighted Error Value: White=0.22 (precise) /Black=0.11 (very precise)} 0-1

[Event "SixDays Budapest March GM-B 2023"]
[Site "Budapest"]
[Date "2023.03.28"]
[Round "7.5"]
[White "Joshua, A P"]
[Black "Tran, Thanh Tu"]
[Result "1-0"]
[ECO "C02"]
[WhiteElo "2300"]
[BlackElo "2402"]
[Annotator "TA"]
[PlyCount "79"]
[EventDate "2023.03.24"]
[EventType "tourn"]
[EventCountry "HUN"]
[SourceTitle "playchess.com"]
[Source "ChessBase"]
[SourceQuality "1"]
[TimeControl "5400+30"]

1. e4 e6 2. d4 d5 3. e5 c5 4. c3 Nc6 5. Nf3 Qb6 6. Bd3 Bd7 7. O-O ({White should play} 7. dxc5 $14 Bxc5 8. O-O) 7... cxd4 $15 {[%emt 0:00:41] C02: French: Advance Variation.} 8. Re1 Nge7 9. h4 h6 {[%emt 0:02:03] Black has an edge.} 10. h5 a6 11. Nbd2 Rc8 12. Nb3 dxc3 13. bxc3 Na5 {[%emt 0:00:36] [#] ...Nxb3 would be deadly.} 14. Nxa5 $146 (14. Be3 $5 Qc7 15. Nxa5 Qxa5 16. a4 $15) ({Predecessor:} 14. Rb1 Nxb3 15. Rxb3 Qc7 16. Rb4 Nc6 17. Rg4 Na5 18. Bd2 Bb5 19. Bxb5+ axb5 20. Nd4 {1-0 Kulaots,K (2527)-Rozen,E (2398) EU-ch 22nd Terme Catez 2022 (6)}) 14... Qxa5 15. Bd2 Qa4 16. Qe2 Nc6 17. Qe3 Na5 18. Rab1 b5 (18... Qxa2 $2 19. Ra1 Nc4 20. Rxa2 $18) 19. Qe2 Qg4 (19... Qxa2 $2 20. Ra1 $18) (19... Nc4 $17 20. Bc1 Qa5) 20. g3 (20. Nd4 Qxe2 21. Rxe2 Bc5 $17) (20. a4 $1 $15) 20... Qxh5 21. Kg2 {[%emt 0:02:20] Black must now prevent Rh1.} Qg4 22. a4 Nc4 ({Don't do} 22... Qxa4 23. Ra1 Ba3 24. Nd4 $16) 23. axb5 axb5 24. Ra1 Be7 25. Rh1 h5 26. Qe1 (26. Bf4 $17) 26... h4 $19 27. Rh3 Nb2 28. Bc2 Qc4 {[%emt 0:00:49] Against Ra2} 29. gxh4 Nd3 $2 (29... b4 $1 $19 {[%cal Rb4c3] is more deadly.} 30. Rb1 g5 31. Bxg5 Bxg5 32. hxg5 Rxh3 33. Kxh3 Qxc3 34. Qxc3 bxc3) 30. Qe3 $17 {[%emt 0:02:10] [#]} Nc5 31. Nd4 {[%emt 0:02:23] [#]} f6 $2 (31... Bxh4 $2 32. Rah1 Ne4 33. Rxh4 $18) (31... Rxh4 $2 32. Rxh4 Bxh4 33. Rh1 $18) (31... Ne4 $1 $17 {[%cal Re4d2] Strongly threatening ...Nxd2.} 32. Bd3 Qc5 33. Bxe4 dxe4 34. Qxe4 Rh5) 32. Ra7 (32. Qg3 $142 Ne4 33. Qxg7) 32... f5 $2 (32... Rf8 33. Rg3 Ne4) 33. Qg3 $18 O-O 34. h5 {[%emt 0:00:09] Threatens to win with h6.} (34. Qg6 Be8 35. Qg3 Rf7 $14) 34... b4 35. h6 Rf7 36. Qg6 {[%emt 0:00:43] h7+ is the strong threat.} (36. hxg7 Rxg7 $11) 36... Be8 37. Rg3 {[%emt 0:01:39] White mates.} ({Not} 37. Nxe6 Nxe6 38. Qxe6 Rc6 39. Qxe7 (39. h7+ Kh8 $11) 39... Rg6+ 40. Kh2 Rxe7 41. Rxe7 Bb5 $11) 37... bxc3 38. hxg7 Qxd4 {[%emt 0:00:30] [#]} 39. Qh7+ $3 {[%emt 0:00:20][%mdl 576] Decoy, Promotion} Kxh7 40. g8=Q# {[%emt 0:00:03] White used his chance. Magnificent play by Joshua!   Weighted Error Value: White=0.23 (precise) /Black=0.49} 1-0

[Event "SixDays Budapest March GM-B 2023"]
[Site "Budapest"]
[Date "2023.03.28"]
[Round "8.1"]
[White "Vantika Agrawal"]
[Black "Tran, Thanh Tu"]
[Result "1/2-1/2"]
[ECO "A40"]
[WhiteElo "2367"]
[BlackElo "2402"]
[Annotator "TA"]
[PlyCount "76"]
[EventDate "2023.03.24"]
[EventType "tourn"]
[EventCountry "HUN"]
[SourceTitle "playchess.com"]
[Source "ChessBase"]
[SourceQuality "1"]
[TimeControl "5400+30"]

1. d4 e6 2. c4 f5 3. Nf3 Nf6 4. g3 d5 5. Bg2 Bd6 6. O-O c6 7. b3 Qe7 8. a4 O-O 9. Ba3 Nbd7 10. Bxd6 Qxd6 11. Nbd2 a5 12. Qc2 {[%emt 0:03:39] A90: Dutch Defence: Miscellaneous and Modern Stonewall (with ...Bd6).} b6 13. Rac1 Ba6 14. Rfd1 {[%emt 0:01:38] White has an edge.} Rac8 15. Qb2 Ne4 16. Ne5 {[%emt 0:06:04] [#]} Nxe5 $146 ({Predecessor:} 16... Nxd2 17. Rxd2 Nxe5 18. dxe5 Qe7 19. e3 Rfd8 20. Bf1 Bb7 21. Rcd1 Kf7 22. Bg2 Qc7 {½-½ Chudinovskih,A (2275)-Pokorny,P (2164) Brno op 2015 (4)}) 17. dxe5 Qb4 18. Nxe4 fxe4 19. Bh3 Rfe8 20. cxd5 cxd5 21. Rxc8 Bxc8 22. Rc1 {[%emt 0:07:17][%cal Oc1c8] [#] Rxc8! would be deadly.} Bd7 23. Qb1 Rc8 {[%emt 0:17:19] Inhibits Rc7.} 24. Rxc8+ Bxc8 $11 {[%emt 0:01:29][%mdl 4096] Endgame KQB-KQB} 25. Qc1 {[%emt 0:00:14] Prevents Qc3.} Qc5 26. Qg5 {[%emt 0:01:36] Strongly threatening Qd8+.} Qc7 {[%emt 0:00:28] Wards off Qd8+} 27. Bg4 h6 28. Qf4 Qe7 29. h4 g5 30. hxg5 Qxg5 31. Qxg5+ hxg5 {[%emt 0:00:01] KB-KB. The position is equal.} 32. e3 Kf7 33. Kf1 Ba6+ 34. Ke1 Bd3 35. Kd2 {[%emt 0:00:06] Repels Bc2} Bf1 36. Kc3 Ke7 37. b4 axb4+ 38. Kxb4 Bd3 {[%emt 0:00:54] A balanced but interesting game.   Weighted Error Value: White=0.01 (flawless) /Black=0.02 (flawless)} 1/2-1/2

[Event "SixDays Budapest March GM-B 2023"]
[Site "Budapest"]
[Date "2023.03.28"]
[Round "8.2"]
[White "Priasmoro, Novendra"]
[Black "Joshua, A P"]
[Result "1-0"]
[ECO "B12"]
[WhiteElo "2521"]
[BlackElo "2300"]
[Annotator "TA"]
[PlyCount "81"]
[EventDate "2023.03.24"]
[EventType "tourn"]
[EventCountry "HUN"]
[SourceTitle "playchess.com"]
[Source "ChessBase"]
[SourceQuality "1"]
[TimeControl "5400+30"]

1. e4 c6 2. d4 d5 3. e5 c5 4. dxc5 e6 5. a3 Bxc5 6. b4 {[%emt 0:00:11] B12: Caro-Kann: Advance Variation.} Be7 7. Qg4 g6 8. Nf3 {[%emt 0:00:18] The position is equal.} a5 9. b5 (9. Bb5+ Bd7 10. Bxd7+ Nxd7 $15) 9... Nd7 10. Bd3 Qc7 11. Bb2 Nc5 {[%emt 0:06:14] Strongly threatening ...Nxd3+.} 12. O-O {[%emt 0:00:54] [#]} Bd7 $146 ({Predecessor:} 12... Nh6 13. Qf4 Nf5 14. Nc3 h5 15. Rfd1 Bd7 16. a4 O-O-O 17. Bxf5 gxf5 18. b6 Qxb6 {1-0 Abasov,N (2668)-Sanz Wawer,D (2313) Mikhail Tal Blitz 2020 (14)}) 13. Rc1 h5 14. Qf4 (14. Qd4 $5 ) 14... Nh6 15. Nbd2 a4 16. Bf1 Nf5 17. c4 dxc4 (17... Rc8 $11 {and Black stays safe.}) 18. Nxc4 $18 ({But not} 18. Qxc4 $6 Qb8 $14) 18... b6 19. h3 Qd8 20. Nd6+ Kf8 21. Nxf5 gxf5 22. Rd1 Qe8 23. Nd4 h4 {[%emt 0:02:33] [#]} (23... Rh7 $142) 24. Be2 {[%emt 0:03:19] White is more active.} (24. Qf3 $142 $1) 24... Rh7 {[%emt 0:01:21] [#]} (24... Rc8 $16) 25. Bf3 $1 Rc8 26. Nc6 Bxc6 27. Bxc6 Rxc6 28. bxc6 Qxc6 29. Qf3 ({Better is} 29. Rd6 Bxd6 30. exd6) 29... Qxf3 $16 30. gxf3 Nb3 (30... Kg7 $142) 31. Ra2 Bc5 32. Bc1 Rg7+ 33. Kf1 {[%emt 0:00:14] Bh6 is the strong threat.} Ke7 34. Rc2 Nxc1 35. Rcxc1 {[%emt 0:00:06][%mdl 4096] Endgame KRR-KRB} Rg8 36. Rc4 Ra8 37. Rd3 Ra5 $2 (37... f6 $16 {keeps fighting.}) 38. Rxh4 $18 {[%emt 0:00:15] Rh8 would be deadly.} Rb5 $2 (38... Ra8 39. Rc4 Ke8) 39. Rxa4 {[%emt 0:02:03] Black must now prevent Ra7+. White is clearly winning.} Rb2 40. Ra8 {[%emt 0:00:08] White threatens Rad8 and mate.} Rxf2+ 41. Ke1 {[%emt 0:00:05] Weighted Error Value: White=0.12 (very precise) /Black=0.37} 1-0

[Event "SixDays Budapest March GM-B 2023"]
[Site "Budapest"]
[Date "2023.03.28"]
[Round "8.3"]
[White "Swayams, Mishra"]
[Black "Royal, Shreyas"]
[Result "1/2-1/2"]
[ECO "D41"]
[WhiteElo "2489"]
[BlackElo "2452"]
[Annotator "TA"]
[PlyCount "137"]
[EventDate "2023.03.24"]
[EventType "tourn"]
[EventCountry "HUN"]
[SourceTitle "playchess.com"]
[Source "ChessBase"]
[SourceQuality "1"]
[TimeControl "5400+30"]

1. d4 Nf6 2. Nf3 d5 3. c4 e6 4. Nc3 c5 5. cxd5 Nxd5 6. e4 Nxc3 7. bxc3 cxd4 8. cxd4 Bb4+ 9. Bd2 Bxd2+ 10. Qxd2 O-O 11. Rc1 b6 {[%emt 0:00:54] D41: Queen's Gambit Declined: Semi-Tarrasch with 5 cxd5.} 12. Bd3 Bb7 13. O-O Nc6 14. Bb1 Qe7 {[%emt 0:03:47] [#]} 15. Rfd1 $146 ({Predecessor:} 15. e5 Nb4 16. Ng5 h6 17. Ne4 Bxe4 18. Bxe4 Rad8 19. f4 f5 20. exf6 Rxf6 21. Bb1 {0-1 Klekowski,M (2432)-Dragun,K (2594) POL-ch Poznan 2016 (8)}) 15... Rfd8 16. Qf4 {[%emt 0:05:57] next d5 is good for White.} Na5 17. Rc7 Qf6 (17... Rd7 $1 $11 {keeps the balance.} 18. Rdc1 Rad8) 18. Qg3 $1 $16 Rac8 19. e5 $40 {[%emt 0:00:30][%mdl 128] White has strong attack.} Qh6 20. Rxc8 Rxc8 21. Ng5 Qh5 (21... g6 $16) 22. f3 $1 $18 h6 23. Nh7 Kh8 24. Qf4 $1 Bd5 (24... Nc6 $16) 25. h4 $1 {[%emt 0:00:53][%cal Oh7f6] Hoping for Nf6!} Nc6 $2 {[%emt 0:06:18] [#]} (25... f5 26. exf6 Qf7) 26. Nf6 $1 g5 27. Qe3 $2 (27. Nxh5 gxf4 28. Nxf4 Nb4 $14) ({White should play} 27. Qc1 $18 Qxh4 28. Qc2) 27... Qxh4 $14 28. Rc1 (28. Qd3 Qxd4+ 29. Qxd4 Nxd4 30. Rxd4 (30. Nxd5 exd5 31. Rxd4 Rc1+ 32. Kh2 Rxb1 $17) 30... Rc1+ 31. Kh2 Rxb1 32. Nxd5 exd5 33. Rxd5 a5 $17) 28... Kg7 $2 (28... Ne7 $1 $11 29. Rxc8+ Nxc8) 29. Nxd5 $1 $18 (29. Qd3 Kf8 $11) 29... exd5 {[%emt 0:00:06] [#]} 30. Bf5 $1 Rc7 {[%emt 0:00:12] [#]} 31. e6 $1 fxe6 32. Bxe6 ({White has to play} 32. Qxe6 $16 {Qg6+ would be deadly.} Qxd4+ 33. Kf1) 32... Qg3 $11 {[%emt 0:00:27] The position is equal.} 33. Bxd5 Ne7 34. Be4 Rxc1+ 35. Qxc1 {[%emt 0:00:01][%mdl 4096] Endgame KQB-KQN} Qd6 36. Qc4 b5 37. Qc3 Nd5 38. Bxd5 Qxd5 {[%emt 0:00:06] KQ-KQ} 39. Qc7+ Qf7 $1 40. Qe5+ Qf6 {[%emt 0:03:09] White must now prevent ...Qxe5.} 41. Qc7+ Qf7 42. Qe5+ Qf6 43. Qc5 a6 44. a3 Qf4 45. d5 Qe5 46. Qa7+ Kg8 47. Qa8+ Kg7 48. Qb7+ Kg8 49. Qc8+ Kg7 50. Qd7+ Kf8 51. Qc8+ Kg7 52. Qb7+ Kg8 53. Kf2 Qd4+ 54. Ke2 Qb2+ 55. Kd3 {[%emt 0:00:36] Strongly threatening Ke4.} Qxa3+ (55... Qxg2 56. d6 (56. Qxa6 Qxf3+ 57. Kd4 Qf2+ 58. Ke5 Qf4+ 59. Ke6 Qf7+ 60. Ke5 Qg7+ 61. Ke4 Qe7+ 62. Kf5 Qf8+ 63. Ke5 Qf4+ 64. Ke6 Qe3+ 65. Kd7 Kg7 $11) 56... Qa2 57. Kd4 (57. Qxa6 Qd5+ 58. Ke3 Qe5+ 59. Kd3 Qd5+ 60. Ke3 Qe5+ 61. Kd3 Qd5+ $11) 57... Qb2+ 58. Kd5 Qb3+ 59. Ke5 $18) 56. Ke4 {[%emt 0:00:23] Qd7 is the strong threat.} Qd6 {[%emt 0:03:54] Against Qd7} 57. Qc6 {[%emt 0:01:26] Active counter play!} Qf4+ 58. Kd3 Qc4+ 59. Ke3 Qf4+ 60. Ke2 Qc4+ 61. Kf2 ({Don't go for} 61. Qxc4 $2 bxc4 62. Kf2 a5 $19) 61... Qd4+ 62. Ke2 Qc4+ 63. Ke1 ({Don't blunder} 63. Qxc4 $2 bxc4 64. Kd2 Kf7 $19) 63... Qb4+ 64. Kf1 Qc4+ 65. Kf2 Qd4+ 66. Ke2 Qc4+ 67. Ke3 ({Not} 67. Qxc4 $2 bxc4 68. Ke3 Kf7 $19) 67... Qf4+ 68. Kd3 Qc4+ 69. Ke3 {[%emt 0:01:58] Weighted Error Value: White=0.17 (very precise) /Black=0.19 (very precise)} 1/2-1/2

[Event "SixDays Budapest March GM-B 2023"]
[Site "Budapest"]
[Date "2023.03.28"]
[Round "8.4"]
[White "Ilincic, Zlatko"]
[Black "Pribelszky, Bence"]
[Result "1/2-1/2"]
[ECO "A56"]
[WhiteElo "2302"]
[BlackElo "2380"]
[Annotator "TA"]
[PlyCount "74"]
[EventDate "2023.03.24"]
[EventType "tourn"]
[EventCountry "HUN"]
[SourceTitle "playchess.com"]
[Source "ChessBase"]
[SourceQuality "1"]
[TimeControl "5400+30"]

1. d4 Nf6 2. c4 c5 3. Nf3 cxd4 4. Nxd4 e5 5. Nc2 d5 6. cxd5 Qxd5 7. Qxd5 Nxd5 8. e4 Nb4 9. Nxb4 Bxb4+ 10. Bd2 Nc6 11. Bb5 {[%emt 0:01:04] A31: Symmetrical English: 2 Nf3 Nf6 3 d4.} Bd7 12. Bxc6 Bxd2+ 13. Kxd2 Bxc6 14. Nc3 O-O-O+ 15. Ke2 Rd4 16. f3 {[%emt 0:00:37] [#]} g6 $146 ({Predecessor:} 16... Rhd8 17. Rhd1 g6 18. Rac1 f5 19. Rxd4 exd4 20. Nd5 fxe4 21. fxe4 Kd7 22. Kd3 Ke6 {½-½ Andersson,U (2599)-Langheinrich,F (2363) Bundesliga 0203 2002 (7.3)}) 17. Rhd1 f5 18. Rd2 fxe4 19. fxe4 Rf8 20. Rad1 Rb4 (20... Bxe4 $2 21. Rxd4 $18) 21. a3 Rb3 22. Kd3 (22. Rc2 $5 ) 22... a5 23. Kc2 a4 24. Re2 Rf4 25. Rd3 b5 26. Rd6 Kc7 27. Re6 Rh4 28. g3 Rh5 29. h4 (29. Re7+ $14 Kb6 30. Re6) 29... b4 $11 {[%emt 0:01:01] The position is equal.} 30. axb4 Rxb4 31. Nd5+ Bxd5 32. exd5 {[%emt 0:00:05][%mdl 4096] Endgame KRR-KRR} Rc4+ 33. Kb1 Rd4 34. R2xe5 Rxe5 35. Rxe5 Kd6 {[%emt 0:00:04][%csl LRd5,LRe5] Wards off Re7} 36. Re6+ Kxd5 37. Re7 Rg4 {[%emt 0:00:57] Weighted Error Value: White=0.07 (flawless) /Black=0.06 (flawless)} 1/2-1/2